 Dungeon Crawl Stone Soup version 0.29-a0-824-gd827844252 (webtiles) character file.

Game seed: 18432037255887929204

6085 buhh the Merchant of Misery (level 10, -5/78 (80) HPs)
             Began as a Demonspawn Necromancer on July 10, 2022.
             Was a Believer of Kikubaaqudgha.
             Slain by Gastronok (18 damage)
             ... on level 8 of the Dungeon.
             The game lasted 00:27:40 (14344 turns).

buhh the Merchant of Misery (DsNe)                 Turns: 14344, Time: 00:27:40

HP:   -5/78 (80)    AC:  7    Str: 14    XL:     10   Next: 58%
MP:   0/13          EV: 12    Int: 21    God:    Kikubaaqudgha [**....]
Gold: 380           SH:  0    Dex: 14    Spells: 0/13 levels left

rFire   . . .      SeeInvis .   g - +8 mace of the Reaper {vorpal, rPois}
rCold   + . .      Faith    .   (no shield)
rNeg    . . .      Spirit   .   e - +2 robe {rC+}
rPois   +          Reflect  .   (helmet restricted)
rElec   .          Harm     .   n - +0 cloak
rCorr   .          Rampage  .   (no gloves)
Will    .....                   G - +1 pair of boots
Stlth   +++.......              (no amulet)
HPRegen 0.23/turn               C - +6 ring of strength
MPRegen 0.13/turn               (no ring)

@: slowed, lightly drained, very slow
A: antennae 1, foul stench 2, powered by pain 2, weakness stinger 2
a: Renounce Religion, Unearth Wretches


You were on level 8 of the Dungeon.
You worshipped Kikubaaqudgha.
Kikubaaqudgha was pleased with you.
You visited 2 branches of the dungeon, and saw 10 of its levels.
You also visited: Sewer and Ossuary.

You collected 533 gold pieces.
You spent 153 gold pieces at shops.

Inventory:

Hand Weapons
 g - the +8 mace of the Reaper (weapon) {vorpal, rPois}
   (You found it on level 2 of the Dungeon)

   It inflicts extra damage upon your enemies.
   rPois:     It protects you from poison.
 h - a +0 dagger
Missiles
 p - a throwing net
 I - 27 poisoned darts
 N - 3 curare-tipped darts
Armour
 e - a +2 robe of cold resistance (worn)
 n - a +0 cloak (worn)
 G - a +1 pair of boots (worn)
 O - the +1 robe of Eggiwk {Drain rPois rCorr Dex+2}
   (You bought it in a shop on level 8 of the Dungeon)

   Dex:       It affects your dexterity (+2).
   rPois:     It protects you from poison.
   rCorr:     It protects you from acid and corrosion.
   Drain:     It drains your maximum health when unequipped.
Jewellery
 u - a ring of ice
 C - a +6 ring of strength (left hand)
 K - a ring of fire
Wands
 D - a wand of paralysis (7)
 E - a wand of flame (27)
 H - a wand of quicksilver (4)
Scrolls
 a - 3 scrolls of identify {!d}
 c - 2 scrolls of teleportation {!d!d}
 f - 3 scrolls of brand weapon
 j - 2 scrolls of enchant weapon
 l - 5 scrolls of immolation {!r}
 m - a scroll of fear {!d}
 y - 5 scrolls of noise
 A - a scroll of magic mapping {unknown}
 F - a scroll of fog {unknown}
 J - a scroll of acquirement {unknown}
 L - a scroll of summoning {unknown}
 P - a scroll of silence {unknown}
 Q - 2 scrolls of vulnerability {unknown}
Potions
 d - 4 potions of degeneration
 i - 4 potions of might {unknown}
 k - a potion of ambrosia {unknown}
 o - 3 potions of mutation {!q!d}
 q - 2 potions of magic {!d}
 r - 5 potions of attraction {unknown}
 s - 2 potions of invisibility {unknown}
 t - 5 potions of brilliance {!d}
 v - 6 potions of curing {!d}
 x - 2 potions of lignification {unknown}
 z - a potion of haste {unknown}
 B - 3 potions of cancellation {unknown}
 M - 4 potions of berserk rage {unknown}


   Skills:
 - Level 8.0 Fighting
 + Level 6.1 Maces & Flails
 - Level 2.1 Dodging
 - Level 4.0 Stealth
 - Level 2.3 Spellcasting
 * Level 13.1 Necromancy


You couldn't memorise any spells.
You knew the following spells:

 Your Spells              Type           Power      Damage    Failure   Level
a - Necrotise             Necr           100%       1d9       1%          1
b - Vampiric Draining     Necr           55%        2d9       1%          3
c - Animate Dead          Necr           55%        N/A       1%          4
d - Agony                 Necr           55%        N/A       1%          5

Your spell library contained the following spells:

 Spells                   Type           Power      Damage    Failure   Level
 Sublimation of Blood     Necr           55%        N/A       1%          2
 Anguish                  Hex/Necr       14%        N/A       10%         4
 Apportation              Tloc           4%         N/A       14%         1
 Beastly Appendage        Tmut           4%         N/A       14%         1
 Summon Small Mammal      Summ           8%         N/A       14%         1
 Blink                    Tloc           4%         N/A       22%         2
 Wereblood                Tmut           2%         N/A       22%         2
 Call Canine Familiar     Summ           2%         N/A       41%         3
 Lesser Beckoning         Tloc           2%         N/A       41%         3
 Portal Projectile        Hex/Tloc       4%         N/A       41%         3
 Spider Form              Tmut/Pois      2%         N/A       41%         3
 Tukima's Dance           Hex            2%         N/A       41%         3
 Leda's Liquefaction      Hex/Erth       1%         N/A       82%         4
 Passage of Golubria      Tloc           2%         N/A       82%         4
 Manifold Assault         Tloc           2%         N/A       99%         5
 Yara's Violent Unravell  Hex/Tmut       1%         3d3       99%         5


Dungeon Overview and Level Annotations

Branches:
Dungeon (9/15) Zot: 24960  Temple (1/1) D:6 Zot: 5690    Lair (0/6) D:9
    Orc (0/2) D:9           Sewer (visited)         Ossuary (visited)

Altars:
Ashenzari
Dithmenos
Fedhas
Gozag
Hepliaklqana
Kikubaaqudgha
Makhleb
Nemelex Xobeh
Okawaru
Ru
Sif Muna
Trog
Vehumet
Wu Jian
Yredelemnul

Shops:
D:3 ((   D:5 :   D:8 [=

Annotations:
D:3 1 runed translucent door, Crazy Yiuf
D:4 2 runed translucent doors, exclusion: downstairs, Palms's ghost, novice MfFi
D:8 Gastronok
D:9 exclusion: fire dragon


Innate Abilities, Weirdness & Mutations

You have a pair of small antennae on your head.
You sometimes emit foul miasma when damaged in melee.
You sometimes gain power by taking damage.
You have a tail ending in a sharp stinger.


Message History

Gastronok casts a spell at you.
You feel yourself slow down. Gastronok bites you!
Aiming: Vampiric Draining (safe; 1% risk of failure)
Press: ? - help, Q - select action, (/) - cycle Shift-Dir - straight line, f - Gastronok
Aim: Gastronok, wearing a +1 hat You draw life force from Gastronok!
You feel life coursing into your body. Gastronok bites you!
Aiming: Agony (dangerous; 1% risk of failure)
Press: ? - help, Shift-Dir - straight line, f/p - Gastronok
Aim: Gastronok, wearing a +1 hat (lightly wounded, chance to affect: 75%) Gastronok convulses!
Gastronok bites you!!
* * * LOW HITPOINT WARNING * * *
Aiming: Vampiric Draining (safe; 1% risk of failure)
Press: ? - help, Shift-Dir - straight line, f/p - Gastronok
Aim: Gastronok, wearing a +1 hat (heavily wounded)
You draw life force from Gastronok!
You feel life coursing into your body.
You feel better. Gastronok bites you!!
* * * LOW HITPOINT WARNING * * *
You emit a cloud of foul miasma!
Okay, then.
You don't have enough magic to cast this spell.
Unknown command.
As you read the scroll of fear {!d}, it crumbles to dust.
You assume a fearsome visage.
Gastronok resists with almost no effort.
Gastronok is engulfed in dark miasma.
Gastronok is poisoned.
Gastronok seems to slow down.
Gastronok waves his eye-stalks in wide circles.
The air twists around and strikes you.
* * * LOW HITPOINT WARNING * * *
Okay, then.
Aiming: Vampiric Draining (safe; 1% risk of failure)
Press: ? - help, Q - select action, (/) - cycle Shift-Dir - straight line, f/p - Gastronok
Aim: Gastronok, wearing a +1 hat (foul pestilence, severely wounded, poisoned, slow)
You draw life force from Gastronok!
You feel life coursing into your body.
You feel better.
Gastronok is engulfed in dark miasma.
Gastronok looks even sicker.
Gastronok bites you!!
You die...
Kikubaaqudgha rasps: "You have failed me!
Welcome... death!"

#.#####..# ####..##z####.....
#........#####.....[..........>
########.............#####..###
###..#.#.#.#............
#..)⌠.⌠.⌠...###### ###
#..#.#.#.#..# ##..))∩.⌠...#
#.#w#.#.#..# #..⌠@⌠.⌠...#
#.#.#.#.#..# #..........#
#######....# ######


You could see Gastronok (very poisoned, slow).

Vanquished Creatures
  Erica (D:7)
  Joseph (D:8)
  A kobold demonologist (D:8)
  Maggie (D:8)
  Eustachio (D:5)
  A steam dragon (D:7)
  A water moccasin (D:8)
  An acid dragon (D:9)
  2 orc warriors
  3 ogres
  3 black bears
  3 centaurs
  A phantom (D:6)
  8 kobold brigands
  A gnoll sergeant (D:8)
  A bullfrog (D:5)
  3 scorpions
  12 wights
  12 killer bees
  2 howler monkeys
  3 human zombies (Ossuary)
  2 jellies
  2 hounds
  An orc priest (D:7)
  An iguana (D:5)
  A hell rat (Sewer)
  7 orc wizards
  4 mummies (Ossuary)
  7 gnolls
  8 adders
  2 river rats
  2 white imps
  An ufetubus (D:5)
  4 worms
  A dart slug (D:1)
  25 orcs
  5 bats
  10 endoplasms
  2 giant cockroaches (D:2)
  9 goblins
  8 hobgoblins
  3 jackals (D:3)
  25 kobolds
  4 quokkas
  7 ball pythons
  3 frilled lizards
  2 hobgoblin zombies (Ossuary)
  A kobold zombie (Ossuary)
  2 orc zombies (Ossuary)
  38 rats
249 creatures vanquished.

Vanquished Creatures (collateral kills)
  Menkaure (D:6)
  3 gnolls
  An adder (D:6)
  A white imp (D:6)
  A ball python (D:1)
  A hobgoblin (D:1)
  A rat (D:2)
9 creatures vanquished.

Vanquished Creatures (others)
  A black bear zombie (D:6)
  A centaur zombie (D:6)
  An orc wizard (D:8)
  An adder zombie (D:5)
  5 gnoll zombies
  5 kobold zombies
  9 orc zombies
23 creatures vanquished.

Grand Total: 281 creatures vanquished

Notes
Turn   | Place    | Note
-------+----------+-------------------------------------------
     0 | D:1      | buhh the Demonspawn Necromancer began the quest for the
                  | Orb.
     0 | D:1      | Reached XP level 1. HP: 13/13 MP: 3/3
   473 | D:1      | Gained mutation: You may rarely emit foul miasma when
                  | damaged in melee. [demonic ancestry]
   473 | D:1      | Reached XP level 2. HP: 19/19 MP: 3/5
  1052 | D:1      | Discovered your monstrous ancestry.
  1052 | D:1      | Gained mutation: You have a small tail. [demonic ancestry]
  1052 | D:1      | Reached XP level 3. HP: 24/24 MP: 3/6
  1348 | D:1      | Found a faded altar of an unknown god.
  1764 | D:2      | Reached skill level 1 in Fighting
  1970 | D:2      | Reached skill level 5 in Necromancy
  1970 | D:2      | Gained mutation: You have a tail ending in a sharp stinger.
                  | [demonic ancestry]
  1970 | D:2      | Reached XP level 4. HP: 32/32 MP: 4/7
  2200 | D:2      | Learned a level 3 spell: Vampiric Draining
  2305 | D:2      | Identified the +8 mace of the Reaper {vorpal, rPois}
  2694 | D:3      | Found Fonwifor's Weapon Shoppe.
  2918 | D:3      | Found a runed translucent door.
  2919 | D:3      | Noticed Crazy Yiuf
  3044 | D:3      | Noticed a moth of wrath
  3046 | D:3      | Found a bloodstained altar of Trog.
  3333 | D:3      | Found Oxtob's Antique Weapon Shoppe.
  3347 | D:3      | Gained mutation: You have a pair of small antennae on your
                  | head. [demonic ancestry]
  3347 | D:3      | Reached XP level 5. HP: 38/38 MP: 3/8
  3749 | D:3      | Found a shadowy altar of Dithmenos.
  4296 | D:4      | Found Plog's Distillery.
  4370 | D:4      | Learned a level 4 spell: Animate Dead
  4559 | D:4      | Found a large runed translucent door.
  4559 | D:4      | Found a large runed translucent door.
  4585 | D:4      | Noticed Palms's ghost (novice MfFi)
  4709 | D:5      | Entered Level 5 of the Dungeon
  4709 | D:5      | Noticed an ogre
  4727 | D:5      | Found a glowing drain.
  4738 | Sewer    | Entered a sewer
  5725 | D:5      | Reached XP level 6. HP: 46/46 MP: 2/9
  6040 | D:5      | Reached skill level 6 in Necromancy
  6375 | D:5      | Gained mutation: You sometimes emit foul miasma when
                  | damaged in melee. [demonic ancestry]
  6375 | D:5      | Reached XP level 7. HP: 42/54 MP: 1/10
  6619 | D:5      | Reached skill level 7 in Necromancy
  6759 | D:5      | Noticed Eustachio
  6768 | D:5      | Killed Eustachio
  6769 | D:5      | Reached skill level 5 in Fighting
  6887 | D:5      | Found Ekyost's Book Shop.
  6898 | D:5      | Gained mutation: You sometimes gain a little power by
                  | taking damage. [demonic ancestry]
  6898 | D:5      | Reached XP level 8. HP: 63/63 MP: 1/11
  7209 | D:6      | Reached skill level 8 in Necromancy
  7298 | D:6      | Found a sand-covered staircase.
  7338 | Ossuary  | Entered an ossuary
  8159 | D:6      | Noticed Menkaure
  8234 | D:6      | Found a staircase to the Ecumenical Temple.
  8255 | Temple   | Entered the Ecumenical Temple
  8482 | Temple   | Became a worshipper of Kikubaaqudgha
  8674 | D:6      | Killed Menkaure
  8885 | D:6      | Reached skill level 9 in Necromancy
  9343 | D:6      | Reached skill level 1 in Maces & Flails
  9343 | D:6      | Reached XP level 9. HP: 36/72 MP: 8/12
 10083 | D:7      | Reached skill level 10 in Necromancy
 10581 | D:8      | Noticed a kobold demonologist
 10587 | D:8      | Killed a kobold demonologist
 10590 | D:8      | Noticed Erica
 10604 | D:7      | Killed Erica
 10605 | D:7      | Reached skill level 11 in Necromancy
 10848 | D:8      | Noticed Joseph
 10857 | D:8      | Killed Joseph
 10858 | D:8      | Reached skill level 5 in Maces & Flails
 10858 | D:8      | Gained mutation: You sometimes gain power by taking damage.
                  | [demonic ancestry]
 10858 | D:8      | Reached XP level 10. HP: 22/80 MP: 3/13
 11834 | D:8      | Found Ixzudaf's Antique Armour Emporium.
 11841 | D:8      | Bought a bloodstained robe for 153 gold pieces
 11841 | D:8      | Identified the +1 robe of Eggiwk {Drain rPois rCorr Dex+2}
                  | (You bought it in a shop on level 8 of the Dungeon)
 11863 | D:8      | Noticed Maggie
 11873 | D:8      | Killed Maggie
 11874 | D:8      | Reached skill level 12 in Necromancy
 12157 | D:8      | Noticed Gastronok
 12314 | D:8      | Found Vymifel's Jewellery Shoppe.
 12327 | D:8      | You fall into a shaft and drop 1 floor!
 12331 | D:9      | Found a staircase to the Lair.
 12355 | D:9      | Reached * piety under Kikubaaqudgha
 12355 | D:9      | Received a gift from Kikubaaqudgha
 12526 | D:9      | Found a staircase to the Orcish Mines.
 13150 | D:9      | Noticed a fire dragon
 14135 | D:7      | Learned a level 5 spell: Agony
 14200 | D:8      | Reached ** piety under Kikubaaqudgha
 14201 | D:8      | Reached skill level 13 in Necromancy
 14342 | D:8      | HP: 1/78 [Gastronok/the air (5)]
 14344 | D:8      | Slain by Gastronok

Illustrated notes

Levels and vault maps discovered:
D:1:      kennysheep_arrival_seaside, layout_rooms,
          chequers_ecumenical_altar_grove, minivault_25
D:2:      layout_loops_ring, minmay_rat_hole
D:3:      layout_basic, tgw_trog, lemuel_tele_altar, serial_shops,
          nicolae_shop_bloodbath_and_beyond, shop, minmay_starry_boxes,
          uniq_crazy_yiuf_cottage
D:4:      layout_rooms, serial_shops, nicolae_shop_hallway_plus,
          ebering_ghost_disaster_area
D:5:      layout_loops_ring, cheibrodos_sewer_entry_sluice, serial_shops,
          nicolae_shop_behind_doors, kennysheep_minor_cross, st_stairs_9,
          uniq_eustachio
D:6:      layout_basic, minmay_temple_entry_offerings,
          nicolae_ossuary_entry_ruins, serial_park_tiny_2, uniq_menkaure
D:7:      layout_basic
D:8:      layout_loops_ring, serial_shops, shop, chequers_serial_rivers_small_b,
          hellmonk_bongcloud_opening, minmay_shop_grid_forest, uniq_joseph,
          uniq_maggie, uniq_erica, uniq_gastronok
D:9:      layout_gridville, minmay_lair_entry_lava, orc_0_dummy
Temple:   mainiacjoe_temple_cubbyholes

Skill      XL: |  1  2  3  4  5  6  7  8  9 10 |
---------------+-------------------------------+-----
Dodging        | 2 |  2.1
Stealth        | 2 3 4 |  4.0
Fighting       | 1 2 4 5 7 8 |  8.0
Necromancy     | 5 6 7 9 11 13 | 13.1
Maces & Flails | 1 5 6 |  6.1
Spellcasting   | |  2.3

Action                   |  1- 3 |  4- 6 |  7- 9 | 10-12 || total
-------------------------+-------+-------+-------+-------++-------
Melee: Unarmed           |    15 |       |       |       ||    15
       Dagger            |     4 |    16 |       |       ||    20
       Mace              |       |    60 |   114 |   142 ||   316
       Tailslap          |       |     5 |    20 |    15 ||    40
       Punch             |       |       |     2 |     3 ||     5
 Cast: Necrotise         |    68 |    83 |       |       ||   151
       Vampiric Draining |       |    13 |    34 |    26 ||    73
       Animate Dead      |       |     1 |     6 |     2 ||     9
       Agony             |       |       |       |     1 ||     1
Evoke: Wand              |       |       |     6 |     3 ||     9
  Use: Scroll            |     2 |     8 |     3 |     5 ||    18
       Potion            |       |     1 |     4 |     3 ||     8
 Stab: Sleeping          |       |     2 |     4 |       ||     6
       Distracted        |       |       |     1 |       ||     1
       Paralysed         |       |       |       |     4 ||     4
Armor: Robe              |     4 |    37 |    26 |    51 ||   118
Dodge: Dodged            |    30 |    74 |   100 |   139 ||   343

Table legend: (Time is in decaauts)
 A = Elapsed time spent in this place.
 B = Non-inter-level travel time spent in this place.
 C = Inter-level travel time spent in this place.
 D = Time resting spent in this place.
 E = Time spent auto-exploring this place.
 F = Levels seen in this place.
 G = Mean time per level.
                   A        B        C        D        E       F      G
               +--------+--------+--------+--------+--------+-----+--------+
         Total |  14471 |  13920 |    551 |   1873 |   9414 |  12 | 1205.9 |
       Dungeon |  12726 |  12261 |    465 |    926 |   9088 |   9 | 1414.0 |
        Temple |    309 |    223 |     86 |      0 |    211 |   1 |  309.0 |
         Sewer |    710 |    710 |      0 |    594 |      0 |   1 |  710.0 |
       Ossuary |    724 |    724 |      0 |    353 |    115 |   1 |  724.0 |
               +--------+--------+--------+--------+--------+-----+--------+

Top non-repeatable levels by time:
     D:7: 1914 daAuts
     D:8: 1622 daAuts
     D:5: 1564 daAuts
     D:1: 1507 daAuts
     D:6: 1495 daAuts
     D:3: 1439 daAuts
     D:2: 1181 daAuts
     D:9: 1167 daAuts
     D:4: 834 daAuts
 Ossuary: 724 daAuts
   Sewer: 710 daAuts
  Temple: 309 daAuts
